 Dungeon Crawl Stone Soup version 0.29.1-15-g9cfb28693d (webtiles) character file.

Game seed: 2472417729913059257

1578 tizbic2 the Covert (level 9, -6/45 HPs)
             Began as a Kobold Enchanter on Apr 30, 2023.
             Was a Believer of Wu Jian.
             Mangled by a gnoll sergeant
             ... wielding a +4 vampiric spear
              (10 damage)
             ... on level 7 of the Dungeon.
             The game lasted 00:26:19 (7160 turns).

tizbic2 the Covert (Kobold Enchanter)               Turns: 7160, Time: 00:26:19

Health: -6/45      AC:  6    Str:  5    XL:     9   Next: 14%
Magic:  8/15       EV: 21    Int: 17    God:    Wu Jian [**....]
Gold:   276        SH:  5    Dex: 19    Spells: 12/17 levels left

rFire   + . .      SeeInvis .   q - +0 arbalest
rCold   . . .      Faith    .   (shield currently unavailable)
rNeg    . . .      Spirit   .   j - +0 robe
rPois   .          Reflect  +   (no helmet)
rElec   .          Harm     .   (no cloak)
rCorr   .          Rampage  .   h - +0 pair of gloves
Will    .....                   u - +2 pair of boots
Stlth   +++++.....              O - amulet of reflection
HPRegen 0.15/turn               e - ring of protection from fire
MPRegen 0.14/turn               P - +4 ring of evasion

@: no status effects
A: small, no large weapons, nightstalker 3
a: Renounce Religion, Wall Jump


You were on level 7 of the Dungeon.
You worshipped Wu Jian.
Wu Jian was pleased with you.
You visited 1 branch of the dungeon, and saw 7 of its levels.

You collected 276 gold pieces.

Inventory:

Hand Weapons
 a - the +3 falchion of Pain and Death {protect, rElec rPois}
   (You found it on level 3 of the Dungeon)

   It grants its wielder temporary protection when it strikes (+7 to AC).
   rElec:     It insulates you from electricity.
   rPois:     It protects you from poison.
 f - a +0 dagger of chaos
 l - a +1 dagger
 q - a +0 arbalest (weapon)
 t - a +0 falchion
 w - a +1 dagger of venom
 y - a +0 rapier
 H - a +4 whip of freezing
Missiles
 b - 79 stones
 d - 17 poisoned darts
 o - 5 boomerangs
 s - 2 throwing nets
 L - a curare-tipped dart
Armour
 g - a +0 ring mail
 h - a +0 pair of gloves (worn)
 j - a +0 robe (worn)
 u - a +2 pair of boots (worn)
 N - a +0 leather armour
Magical Staves
 c - a staff of air
 x - a staff of conjuration
 z - a staff of earth
Jewellery
 e - a ring of protection from fire (left hand)
 O - an amulet of reflection (around neck)
 P - a +4 ring of evasion (right hand)
Wands
 p - a wand of flame (8)
 A - a wand of polymorph (10)
 F - a wand of acid (4)
 J - a wand of digging (7)
Scrolls
 k - 2 scrolls of amnesia
 m - 2 scrolls of teleportation
 n - 2 scrolls of vulnerability
 B - a scroll of magic mapping
 D - 2 scrolls of enchant weapon {unknown}
 E - 2 scrolls of poison
 I - a scroll of identify
 K - a scroll of acquirement {unknown}
Potions
 i - 4 potions of flight
 r - a potion of degeneration {unknown}
 v - 3 potions of mutation {unknown}
 C - a potion of berserk rage
 G - a potion of curing {unknown}
 M - a potion of lignification {unknown}
 Q - 2 potions of heal wounds


   Skills:
 + Level 0.1 Fighting
 * Level 7.7 Short Blades
 * Level 0.3 Ranged Weapons
 + Level 5.3 Dodging
 * Level 9.2 Stealth
 - Level 4.5 Spellcasting
 - Level 5.1 Hexes


You had 12 spell levels left.
You knew the following spells:

 Your Spells              Type           Power      Damage    Failure   Level
a - Ensorcelled Hibernat  Hex/Ice        24%        N/A       8%          2
b - Confusing Touch       Hex            21%        N/A       5%          3

Your spell library contained the following spells:

 Spells                   Type           Power      Damage    Failure   Level
 Tukima's Dance           Hex            21%        N/A       5%          3
 Dazzling Flash           Conj/Hex       24%        N/A       16%         3
 Scorch                   Fire           6%         2d5       22%         2
 Flame Wave               Conj/Fire      3%         2d5       83%         4
 Summon Cactus Giant      Summ           1%         N/A       100%        6


Dungeon Overview and Level Annotations

Branches:
Dungeon (7/15)
 Temple: D:4-7

Altars:
Cheibriados
Qazlal
Sif Muna
Wu Jian
Xom

Shops:
D:2 =


Innate Abilities, Weirdness & Mutations

You are small and have problems with some larger weapons.
You are completely attuned to the shadows.


Message History

The gnoll sergeant is lightly wounded.
The gnoll sergeant barely misses you.
You completely miss the gnoll sergeant.
The gnoll sergeant is lightly wounded.
The gnoll sergeant misses you.
You barely miss the gnoll sergeant.
You punch the gnoll sergeant, but do no damage.
The gnoll sergeant is lightly wounded.
You hit the gnoll sergeant.
The gnoll sergeant looks as sick as possible!
The gnoll sergeant is moderately wounded.
The gnoll sergeant hits you with a +4 vampiric spear!
The gnoll sergeant draws strength from your wounds!
Your +1 dagger of venom stops dripping with poison.
The +3 falchion of Pain and Death {protect, rElec rPois} hums with potential!
a - the +3 falchion of Pain and Death (weapon)
{protect, rElec rPois} You hit the gnoll sergeant but do no damage.
Your weapon exudes an aura of protection.
The gnoll sergeant is moderately wounded.
The gnoll sergeant hits you but does no damage.
You hit the gnoll sergeant.
The gnoll sergeant is heavily wounded.
You block the gnoll sergeant's attack.
The gnoll sergeant completely misses you.
You hit the gnoll sergeant but do no damage.
The gnoll sergeant is heavily wounded.
The gnoll sergeant closely misses you.
You hit the gnoll sergeant.
The gnoll sergeant is severely wounded.
The gnoll sergeant hits you with a +4 vampiric spear!
* * * LOW HITPOINT WARNING * * *
You hit the gnoll sergeant but do no damage.
The gnoll sergeant is severely wounded.
The gnoll sergeant hits you with a +4 vampiric spear!
* * * LOW HITPOINT WARNING * * *
The gnoll sergeant draws strength from your wounds!
The +3 falchion of Pain and Death {protect, rElec rPois} goes still.
q - a +0 arbalest (weapon)
The gnoll sergeant hits you with a +4 vampiric spear!
You die...

.# .# .# ###)#
#)@g# #.### #.#####
#...... #..###+ .##
.# #..#... .#...#
..#
#..#...$.#.#.###.##
#..#.$_$.#[........
#..#.....#.........


You could see a gnoll sergeant (very poisoned).

Vanquished Creatures
  A water moccasin (D:6)
  2 black bears
  2 ogres (D:6)
  A centaur (D:6)
  3 phantoms
  A kobold brigand (D:6)
  A necrophage (D:4)
  A scorpion (D:6)
  A wight (D:6)
  2 howler monkeys (D:6)
  3 crimson imps (D:3)
  A gnoll bouda (D:6)
  An iguana (D:3)
  14 gnolls
  6 adders
  A white imp (D:6)
  2 ufetubi
  2 worms (D:3)
  4 dart slugs
  5 orcs
  8 bats
  6 endoplasms
  3 giant cockroaches
  14 goblins
  4 hobgoblins
  A jackal (D:3)
  15 kobolds
  A quokka (D:1)
  9 ball pythons
  2 frilled lizards (D:3)
  7 rats
124 creatures vanquished.

Vanquished Creatures (collateral kills)
  A crimson imp (D:3)
  A goblin (D:1)
2 creatures vanquished.

Grand Total: 126 creatures vanquished

Notes
Turn   | Place    | Note
-------+----------+-------------------------------------------
     0 | D:1      | tizbic2 the Kobold Enchanter began the quest for the Orb.
     0 | D:1      | Reached XP level 1. HP: 10/10 MP: 3/3
   235 | D:1      | Reached XP level 2. HP: 13/15 MP: 5/5
   699 | D:1      | Learned a level 2 spell: Ensorcelled Hibernation
   719 | D:2      | Reached XP level 3. HP: 19/19 MP: 6/6
   782 | D:2      | Found Zymuewio's Jewellery Shoppe.
   860 | D:2      | Found an ornate altar of the Wu Jian Council.
   883 | D:2      | Became a worshipper of the Wu Jian Council
  1886 | D:3      | Reached skill level 5 in Stealth
  1886 | D:3      | Reached XP level 4. HP: 24/24 MP: 7/7
  1941 | D:3      | Reached * piety under Wu Jian
  1973 | D:3      | Reached XP level 5. HP: 9/28 MP: 9/9
  2341 | D:3      | Found a shimmering altar of Xom.
  2443 | D:3      | HP: 1/28 [crimson imp (2)]
  2475 | D:3      | HP: 1/28 [crimson imp (3)]
  2478 | D:3      | Reached XP level 6. HP: 2/32 MP: 10/10
  2835 | D:3      | Reached skill level 6 in Stealth
  3187 | D:3      | Learned a level 3 spell: Confusing Touch
  3486 | D:3      | Found a faded altar of an unknown god.
  3512 | D:3      | Identified the +3 falchion of Pain and Death {protect,
                  | rElec rPois}
  3621 | D:3      | Found a snail-covered altar of Cheibriados.
  3837 | D:4      | Found a stormy altar of Qazlal.
  3837 | D:4      | Noticed an air elemental
  3840 | D:4      | Noticed a fire elemental
  3840 | D:4      | Noticed a water elemental
  4258 | D:4      | Reached ** piety under Wu Jian
  4509 | D:5      | Entered Level 5 of the Dungeon
  4739 | D:5      | Reached XP level 7. HP: 25/36 MP: 11/11
  4845 | D:5      | Reached skill level 5 in Short Blades
  4871 | D:5      | Reached skill level 7 in Stealth
  5595 | D:6      | Reached XP level 8. HP: 41/41 MP: 10/13
  5910 | D:6      | Reached skill level 8 in Stealth
  6097 | D:6      | HP: 2/41 [ufetubus (1)]
  6476 | D:6      | Reached skill level 5 in Dodging
  6544 | D:6      | Reached skill level 5 in Hexes
  6544 | D:6      | Reached XP level 9. HP: 35/45 MP: 5/15
  6820 | D:6      | Reached skill level 9 in Stealth
  7102 | D:7      | Found a shimmering blue altar of Sif Muna.
  7160 | D:7      | Mangled by a gnoll sergeant

Illustrated notes

Levels and vault maps discovered:
D:1:      dpeg_arrival_rhombus, layout_loops_ring, minmay_misc_feat_cross
D:2:      layout_loops_ring, basic_altar, serial_shops, shop, st_stairs_8,
          minmay_strange_pillars
D:3:      layout_basic, led_xom_imps, kennysheep_slug_shrine,
          hellmonk_ecumenical_altar_run_dry, minmay_joined_circles
D:4:      layout_basic, nicolae_qazlal_style_of_elements
D:5:      layout_gridville
D:6:      layout_loops_corners, minmay_misc_feat_square,
          amcnicky_mini_pool_medium
D:7:      layout_gridville, lemuel_doored_altar, amcnicky_altar_gilded,
          minmay_temple_entry_large_hall, gammafunk_ghost_stat_death,
          kennysheep_generic_room_15, uniq_prince_ribbit1

Skill      XL: |  1  2  3  4  5  6  7  8  9 |
---------------+----------------------------+-----
Short Blades   | 2 3 4 5 7 |  7.7
Stealth        | 5 6 7 8 9 |  9.2
Dodging        | 3 4 5 |  5.3
Spellcasting   | 3 4 |  4.5
Hexes          | 4 5 |  5.1
Fighting       | |  0.1
Ranged Weapons | |  0.3

Action                   |  1- 3 |  4- 6 |  7- 9 || total
-------------------------+-------+-------+-------++-------
Melee: Dagger            |    57 |   119 |    86 ||   262
       Falchion          |    11 |    10 |   103 ||   124
       Rapier            |     1 |    92 |       ||    93
       Punch             |     1 |       |     5 ||     6
 Fire: Arbalest          |       |       |     1 ||     1
Throw: Stone             |       |     2 |       ||     2
 Cast: Ensorcelled Hiber |       |       |    23 ||    23
Invok: Lunge             |     6 |    15 |    15 ||    36
       Whirlwind         |       |     4 |     4 ||     8
 Abil: Wall Jump         |       |       |     3 ||     3
  Use: Scroll            |     4 |     9 |     1 ||    14
       Potion            |       |     2 |     3 ||     5
 Stab: Sleeping          |    20 |    14 |    21 ||    55
       Invisible         |       |     2 |       ||     2
       Distracted        |       |     1 |       ||     1
Armor: Robe              |     1 |    59 |    25 ||    85
       Leather armour    |       |       |    31 ||    31
Dodge: Dodged            |    30 |   155 |   147 ||   332
Block: Other             |       |       |     8 ||     8
